[ PARTIDA AOE2 · #483220541 ]
UnrankedWu vs Hindustanis
[ ANÁLISIS DE REPETICIÓN · EXTRAÍDO DE LA PARTIDA GRABADA ]
Feudal
11:22
Castillos
15:53
Imperial
31:26
| APM promedio | 29.5 |
| APM pico | 149 |
| eAPM promedio | 21.4 |
| Aldeanos / militares | 170 / 6 |
Foco
⚔️ 20.3% · 🌾 79.7%
Trade Cart ×104 · Unknown (7828) ×60 · Unknown (1942) ×57 · Unknown (7376) ×35 · Mangonel ×5 · Unknown (3642) ×2
Feudal
12:55
Castillos
16:14
Imperial
34:20
| APM promedio | 28.6 |
| APM pico | 78 |
| eAPM promedio | 18.6 |
| Aldeanos / militares | 200 / 3 |
Foco
⚔️ 19.6% · 🌾 80.4%
Unknown (7377) ×82 · Iron Pagoda ×2 · Monk ×1 · Unknown (7223) ×1 · Unknown (7342) ×1
Feudal
—
Castillos
—
Imperial
—
| APM promedio | 24.2 |
| APM pico | 78 |
| eAPM promedio | 17.2 |
| Aldeanos / militares | 169 / 1 |
Foco
⚔️ 23.2% · 🌾 76.8%
Unknown (7590) ×134 · Unknown (7377) ×68 · Trade Cart ×29 · Unknown (7376) ×20 · Unknown (3642) ×2 · Unknown (3645) ×2
Feudal
13:08
Castillos
18:55
Imperial
33:07
| APM promedio | 20.5 |
| APM pico | 127 |
| eAPM promedio | 16.7 |
| Aldeanos / militares | 202 / 207 |
Foco
⚔️ 19.1% · 🌾 80.9%
Spearman ×104 · Mangonel ×80 · Trade Cart ×78 · Scorpion ×23 · Fishing Ship ×5 · Unknown (7370) ×5
Feudal
—
Castillos
—
Imperial
—
| APM promedio | 808.4 |
| APM pico | 2144 |
| eAPM promedio | 806.6 |
| Aldeanos / militares | 0 / 1738 |
Foco
⚔️ 57.1% · 🌾 42.9%
Ghulam ×827 · Camel Scout ×760 · Bombard Cannon ×85 · Trebuchet (Packed) ×51 · Monk ×14 · Mangonel ×1
Feudal
—
Castillos
—
Imperial
—
| APM promedio | 883.0 |
| APM pico | 2565 |
| eAPM promedio | 878.0 |
| Aldeanos / militares | 0 / 557 |
Foco
⚔️ 32.6% · 🌾 67.4%
Mameluke ×135 · Cavalry Archer ×119 · Mangonel ×83 · Battering Ram ×77 · Bombard Cannon ×72 · Trebuchet (Packed) ×23
Feudal
—
Castillos
—
Imperial
—
| APM promedio | 604.3 |
| APM pico | 1404 |
| eAPM promedio | 599.3 |
| Aldeanos / militares | 0 / 162 |
Foco
⚔️ 42.9% · 🌾 57.1%
Unknown (1959) ×90 · Battering Ram ×74 · Mangonel ×39 · Scout Cavalry ×26 · Petard ×17 · Monk ×6
Feudal
—
Castillos
—
Imperial
—
| APM promedio | 1351.6 |
| APM pico | 3165 |
| eAPM promedio | 1345.1 |
| Aldeanos / militares | 0 / 444 |
Foco
⚔️ 29.7% · 🌾 70.3%
Unknown (2107) ×173 · Knight ×169 · Unknown (2110) ×167 · Battering Ram ×150 · Trebuchet (Packed) ×96 · Monk ×27
Mapa de la partida
Recursos iniciales + cada clic de construcción. Líneas = muros · curvas = relieve. ◆ oro · ⬟ piedra · ● bayas · ✦ reliquia · ◌ hueco del cierre
Tu base· ✓ Cerrada en 15:53 · 125t muro · sin puerta
Base de pisaschitt_2002· ✓ Cerrada en 16:14 · 142t muro · sin puerta
Base de CardSlinky67404· ✓ Cerrada en 15:59 · 56t muro · sin puerta
Base de 782813070· ✓ Cerrada en 18:55 · 114t muro · sin puerta
Base de · Abierta — el rival se encerró
Base de · Abierta — el rival se encerró
Base de · Abierta — el rival se encerró
Base de · Abierta — el rival se encerró
Terreno inicial suavizado · ◌ = hueco del cierre detectado · pasá el cursor para detalles
Inputs por minuto
— Glory - - pisaschitt_2002
Build order — Glory
Primeras 150 de 673 acciones detectadas
| 0:02 | Crear | Villager (Male) |
| 0:02 | Crear | Villager (Male) |
| 0:02 | Crear | Villager (Male) |
| 0:04 | Construir | House |
| 0:06 | Construir | House |
| 0:24 | Construir | Building 7341 |
| 0:41 | Crear | Villager (Male) |
| 1:14 | Investigar | Loom |
| 1:36 | Crear | Villager (Male) |
| 1:37 | Crear | Villager (Male) |
| 1:56 | Construir | Palisade Wall |
| 2:00 | Crear | Villager (Male) |
| 2:00 | Crear | Villager (Male) |
| 2:39 | Crear | Villager (Male) |
| 2:39 | Crear | Villager (Male) |
| 3:01 | Crear | Villager (Male) |
| 3:01 | Crear | Villager (Male) |
| 3:56 | Construir | Palisade Wall |
| 3:58 | Crear | Villager (Male) |
| 3:58 | Crear | Villager (Male) |
| 4:05 | Construir | Palisade Wall |
| 4:18 | Investigar | Tech 4136 |
| 4:18 | Investigar | Tech 4136 |
| 4:37 | Construir | House |
| 4:54 | Crear | Villager (Male) |
| 4:54 | Crear | Villager (Male) |
| 5:08 | Construir | Palisade Wall |
| 5:22 | Crear | Villager (Male) |
| 5:22 | Crear | Villager (Male) |
| 5:22 | Crear | Villager (Male) |
| 5:42 | Crear | Villager (Male) |
| 5:42 | Crear | Villager (Male) |
| 5:42 | Crear | Villager (Male) |
| 6:12 | Construir | Palisade Wall |
| 6:19 | Construir | Palisade Wall |
| 6:21 | Crear | Villager (Male) |
| 6:32 | Construir | House |
| 6:47 | Crear | Villager (Male) |
| 6:47 | Crear | Villager (Male) |
| 6:47 | Crear | Villager (Male) |
| 7:00 | Construir | Lumber Camp |
| 7:12 | Crear | Villager (Male) |
| 7:12 | Crear | Villager (Male) |
| 7:12 | Crear | Villager (Male) |
| 7:12 | Crear | Villager (Male) |
| 7:27 | Construir | Palisade Wall |
| 7:34 | Crear | Villager (Male) |
| 7:34 | Crear | Villager (Male) |
| 7:45 | Construir | Mill |
| 7:59 | Investigar | Tech 4130 |
| 9:32 | Investigar | Feudal Age |
| 9:32 | Investigar | Feudal Age |
| 10:23 | Construir | Mining Camp |
| 10:33 | Construir | Palisade Wall |
| 10:36 | Crear | Villager (Male) |
| 10:40 | Construir | House |
| 11:12 | Crear | Villager (Male) |
| 11:19 | Construir | Palisade Wall |
| 11:22 | Edad | Edad Feudal |
| 11:37 | Construir | Market |
| 11:59 | Crear | Villager (Male) |
| 12:11 | Construir | Stone Wall |
| 12:24 | Construir | Stone Wall |
| 12:33 | Crear | Villager (Male) |
| 13:08 | Crear | Villager (Male) |
| 13:14 | Construir | Blacksmith |
| 13:29 | Investigar | Castle Age |
| 13:29 | Investigar | Castle Age |
| 13:42 | Construir | Stone Wall |
| 14:02 | Investigar | Tech 4129 |
| 14:10 | Investigar | Double-Bit Axe |
| 14:10 | Investigar | Double-Bit Axe |
| 14:27 | Crear | Villager (Male) |
| 14:37 | Construir | Stone Wall |
| 14:45 | Construir | House |
| 14:53 | Construir | Stone Wall |
| 15:13 | Investigar | Horse Collar |
| 15:25 | Crear | Villager (Male) |
| 15:53 | Edad | Edad de los Castillos |
| 16:03 | Construir | Town Center |
| 16:06 | Crear | Villager (Male) |
| 16:11 | Construir | Stone Wall |
| 16:16 | Crear | Villager (Male) |
| 16:41 | Construir | Stone Wall |
| 16:45 | Investigar | Bow Saw |
| 16:54 | Crear | Villager (Male) |
| 17:17 | Construir | Monastery |
| 17:22 | Construir | Stone Wall |
| 17:23 | Crear | Villager (Male) |
| 17:37 | Construir | Farm |
| 17:37 | Construir | Farm |
| 17:37 | Construir | Farm |
| 17:40 | Crear | Villager (Male) |
| 17:40 | Crear | Villager (Male) |
| 17:53 | Crear | Monk |
| 17:55 | Crear | Villager (Male) |
| 17:58 | Construir | Farm |
| 17:58 | Construir | Farm |
| 17:59 | Construir | Farm |
| 17:59 | Construir | Farm |
| 17:59 | Construir | Farm |
| 18:01 | Crear | Villager (Male) |
| 18:21 | Construir | Farm |
| 18:22 | Construir | Farm |
| 18:22 | Construir | Farm |
| 18:22 | Construir | Farm |
| 18:22 | Construir | Farm |
| 18:31 | Construir | Stone Wall |
| 18:32 | Crear | Villager (Male) |
| 18:32 | Crear | Villager (Male) |
| 18:42 | Construir | Farm |
| 18:43 | Construir | Farm |
| 18:43 | Construir | Farm |
| 18:43 | Construir | Farm |
| 18:43 | Construir | Farm |
| 19:02 | Construir | Stone Wall |
| 19:09 | Construir | Farm |
| 19:09 | Construir | Farm |
| 19:09 | Construir | Farm |
| 19:10 | Construir | Farm |
| 19:10 | Construir | Farm |
| 19:11 | Crear | Villager (Male) |
| 19:11 | Crear | Villager (Male) |
| 19:11 | Crear | Villager (Male) |
| 19:19 | Construir | House |
| 19:20 | Construir | House |
| 19:26 | Construir | House |
| 19:30 | Construir | House |
| 19:31 | Construir | House |
| 19:36 | Crear | Villager (Male) |
| 19:36 | Crear | Villager (Male) |
| 19:40 | Construir | Stone Wall |
| 19:51 | Construir | University |
| 19:54 | Crear | Villager (Male) |
| 19:59 | Construir | Stone Wall |
| 20:00 | Crear | Villager (Male) |
| 20:08 | Construir | Farm |
| 20:09 | Construir | Farm |
| 20:09 | Construir | Farm |
| 20:15 | Crear | Villager (Male) |
| 20:22 | Crear | Villager (Male) |
| 20:43 | Construir | House |
| 20:44 | Construir | House |
| 20:45 | Construir | House |
| 20:46 | Crear | Villager (Male) |
| 20:46 | Crear | Villager (Male) |
| 21:01 | Investigar | Heavy Plow |
| 21:12 | Construir | Stone Wall |
| 21:14 | Crear | Villager (Male) |
| 21:18 | Crear | Villager (Male) |
Build order — pisaschitt_2002
Primeras 150 de 589 acciones detectadas
| 0:05 | Crear | Villager (Male) ×4 |
| 0:05 | Crear | Villager (Male) ×4 |
| 0:07 | Construir | House |
| 0:09 | Construir | Building 7341 |
| 0:49 | Construir | House |
| 0:58 | Investigar | Tech 4136 |
| 1:06 | Crear | Villager (Male) |
| 1:36 | Crear | Villager (Male) |
| 2:07 | Investigar | Loom |
| 2:23 | Crear | Villager (Male) |
| 2:38 | Crear | Villager (Male) |
| 2:59 | Crear | Villager (Male) |
| 3:34 | Crear | Villager (Male) |
| 3:34 | Crear | Villager (Male) |
| 4:13 | Crear | Villager (Male) |
| 4:46 | Crear | Villager (Male) |
| 4:51 | Construir | House |
| 4:58 | Crear | Villager (Male) |
| 5:17 | Construir | Palisade Wall |
| 5:35 | Construir | Palisade Wall |
| 5:42 | Construir | Palisade Wall |
| 5:44 | Crear | Villager (Male) |
| 6:01 | Crear | Villager (Male) |
| 6:10 | Construir | House |
| 6:15 | Crear | Villager (Male) |
| 6:27 | Construir | Palisade Wall |
| 6:32 | Crear | Villager (Male) |
| 6:38 | Investigar | Tech 4130 |
| 6:56 | Construir | Palisade Wall |
| 7:00 | Construir | Palisade Wall |
| 7:02 | Crear | Villager (Male) |
| 7:18 | Crear | Villager (Male) |
| 7:32 | Construir | Palisade Wall |
| 7:43 | Construir | House |
| 8:18 | Crear | Villager (Male) |
| 8:23 | Construir | Lumber Camp |
| 8:32 | Construir | Lumber Camp |
| 8:46 | Crear | Villager (Male) |
| 9:08 | Construir | Palisade Wall |
| 9:23 | Crear | Villager (Male) |
| 9:33 | Construir | Palisade Wall |
| 9:47 | Construir | Mill |
| 9:50 | Crear | Villager (Male) |
| 9:55 | Investigar | Tech 4129 |
| 9:57 | Crear | Villager (Male) |
| 10:09 | Construir | Palisade Wall |
| 10:25 | Construir | House |
| 10:31 | Crear | Villager (Male) |
| 10:46 | Construir | Palisade Wall |
| 10:48 | Investigar | Feudal Age |
| 10:53 | Crear | Unit 7342 |
| 11:06 | Construir | Mining Camp |
| 11:53 | Construir | Farm |
| 11:54 | Construir | Farm |
| 12:17 | Crear | Villager (Male) |
| 12:17 | Crear | Villager (Male) |
| 12:55 | Edad | Edad Feudal |
| 12:58 | Construir | Market |
| 13:08 | Construir | Stone Wall |
| 13:09 | Crear | Villager (Male) |
| 13:10 | Crear | Villager (Male) |
| 13:12 | Construir | Farm |
| 13:13 | Construir | Farm |
| 13:26 | Construir | Stone Wall |
| 13:54 | Investigar | Castle Age |
| 13:59 | Construir | Stone Wall |
| 14:25 | Investigar | Double-Bit Axe |
| 14:37 | Construir | Stone Wall |
| 14:41 | Construir | Stone Wall |
| 14:44 | Construir | Stone Wall |
| 15:07 | Investigar | Horse Collar |
| 15:29 | Construir | Stone Wall |
| 15:34 | Crear | Villager (Male) |
| 15:34 | Crear | Villager (Male) |
| 15:39 | Construir | House |
| 15:39 | Construir | House |
| 16:14 | Edad | Edad de los Castillos |
| 16:18 | Construir | Farm |
| 16:19 | Construir | Farm |
| 16:29 | Construir | Stone Wall |
| 16:34 | Crear | Villager (Male) |
| 16:43 | Construir | Town Center |
| 16:46 | Construir | Farm |
| 16:49 | Investigar | Bow Saw |
| 17:12 | Construir | Farm |
| 17:27 | Construir | Stone Wall |
| 17:32 | Crear | Villager (Male) |
| 17:38 | Construir | Farm |
| 17:40 | Construir | Farm |
| 18:12 | Crear | Villager (Male) |
| 18:16 | Crear | Villager (Male) |
| 18:27 | Construir | Stone Wall |
| 18:39 | Crear | Villager (Male) |
| 18:39 | Crear | Villager (Male) |
| 18:57 | Construir | Stone Wall |
| 19:04 | Construir | Stone Wall |
| 19:08 | Crear | Villager (Male) |
| 19:08 | Crear | Villager (Male) |
| 19:25 | Construir | Town Center |
| 19:36 | Construir | Farm |
| 19:38 | Construir | Farm |
| 19:40 | Crear | Villager (Male) |
| 19:40 | Crear | Villager (Male) |
| 19:48 | Construir | Stone Wall |
| 19:50 | Construir | Stone Wall |
| 19:51 | Construir | Stone Wall |
| 20:03 | Construir | Stone Wall |
| 20:12 | Crear | Villager (Male) |
| 20:12 | Crear | Villager (Male) |
| 20:32 | Construir | Stone Wall |
| 20:43 | Construir | University |
| 20:49 | Crear | Villager (Male) |
| 20:49 | Crear | Villager (Male) |
| 20:49 | Crear | Villager (Male) |
| 21:01 | Construir | Stone Wall |
| 21:04 | Construir | Stone Wall |
| 21:27 | Crear | Villager (Male) |
| 21:27 | Crear | Villager (Male) |
| 21:28 | Crear | Villager (Male) |
| 21:29 | Crear | Villager (Male) |
| 21:29 | Crear | Villager (Male) |
| 21:30 | Crear | Villager (Male) |
| 21:35 | Construir | Farm |
| 21:37 | Construir | Farm |
| 21:38 | Construir | Farm |
| 21:43 | Construir | Monastery |
| 21:46 | Investigar | Stone Mining |
| 21:57 | Construir | Stone Wall |
| 22:17 | Investigar | Fortified Wall (upgrade) |
| 22:23 | Construir | Stone Wall |
| 22:28 | Construir | Stone Wall |
| 22:32 | Construir | Stone Wall |
| 22:43 | Crear | Villager (Male) |
| 22:43 | Crear | Villager (Male) |
| 22:43 | Crear | Villager (Male) |
| 22:50 | Construir | Farm |
| 22:50 | Construir | Farm |
| 23:03 | Construir | Town Center |
| 23:08 | Crear | Villager (Male) |
| 23:08 | Crear | Villager (Male) |
| 23:08 | Crear | Villager (Male) |
| 23:13 | Crear | Monk |
| 23:19 | Construir | House |
| 23:20 | Construir | House |
| 23:21 | Construir | House |
| 23:32 | Construir | Stone Wall |
| 23:44 | Construir | Stone Wall |
| 23:45 | Construir | Stone Wall |
| 23:47 | Construir | Stone Wall |
| 23:49 | Construir | Stone Wall |
Build order — CardSlinky67404
Primeras 150 de 516 acciones detectadas
| 0:02 | Crear | Villager (Male) |
| 0:02 | Crear | Villager (Male) |
| 0:04 | Construir | Building 7341 |
| 0:06 | Construir | House |
| 0:19 | Crear | Villager (Male) |
| 0:25 | Crear | Villager (Male) |
| 0:36 | Construir | House |
| 0:47 | Crear | Villager (Male) |
| 1:05 | Investigar | Tech 4130 |
| 1:34 | Crear | Villager (Male) |
| 2:17 | Crear | Villager (Male) |
| 2:17 | Crear | Villager (Male) |
| 2:19 | Crear | Villager (Male) |
| 2:33 | Investigar | Loom |
| 2:41 | Crear | Villager (Male) |
| 3:04 | Construir | Palisade Wall |
| 3:07 | Construir | Palisade Wall |
| 3:09 | Construir | Palisade Wall |
| 3:10 | Crear | Villager (Male) |
| 3:14 | Crear | Villager (Male) |
| 3:42 | Crear | Villager (Male) |
| 3:52 | Investigar | Tech 4136 |
| 4:26 | Crear | Villager (Male) |
| 4:42 | Construir | House |
| 4:55 | Crear | Villager (Male) |
| 5:11 | Construir | Lumber Camp |
| 5:14 | Crear | Villager (Male) |
| 5:32 | Crear | Villager (Male) |
| 5:53 | Investigar | Tech 4129 |
| 6:11 | Crear | Villager (Male) |
| 6:24 | Crear | Villager (Male) |
| 6:50 | Construir | Palisade Wall |
| 6:52 | Construir | Palisade Wall |
| 6:55 | Construir | House |
| 7:00 | Crear | Villager (Male) |
| 7:15 | Crear | Villager (Male) |
| 7:37 | Crear | Villager (Male) |
| 8:16 | Crear | Villager (Male) |
| 8:34 | Crear | Villager (Male) |
| 8:39 | Construir | Palisade Wall |
| 8:52 | Construir | House |
| 8:54 | Construir | Mining Camp |
| 8:58 | Crear | Villager (Male) |
| 9:30 | Construir | Palisade Wall |
| 9:32 | Construir | Palisade Wall |
| 9:33 | Crear | Villager (Male) |
| 9:52 | Construir | Mill |
| 9:55 | Crear | Villager (Male) |
| 10:19 | Construir | House |
| 10:23 | Investigar | Feudal Age |
| 10:41 | Construir | Mill |
| 11:44 | Construir | Mining Camp |
| 12:19 | Construir | Palisade Wall |
| 12:23 | Crear | Villager (Male) |
| 12:23 | Crear | Villager (Male) |
| 12:30 | Construir | Market |
| 12:47 | Investigar | Double-Bit Axe |
| 12:49 | Crear | Villager (Male) |
| 13:01 | Crear | Villager (Male) |
| 13:16 | Investigar | Gold Mining |
| 13:18 | Crear | Villager (Male) |
| 13:33 | Construir | Stone Wall |
| 13:35 | Construir | Stone Wall |
| 13:54 | Crear | Villager (Male) |
| 14:01 | Investigar | Horse Collar |
| 14:22 | Construir | Farm |
| 14:24 | Construir | Farm |
| 14:27 | Construir | Farm |
| 14:28 | Crear | Villager (Male) |
| 14:36 | Construir | House |
| 14:40 | Crear | Villager (Male) |
| 14:57 | Crear | Villager (Male) |
| 14:59 | Construir | Farm |
| 15:24 | Crear | Villager (Male) |
| 15:29 | Construir | House |
| 15:31 | Construir | Farm |
| 15:59 | Investigar | Castle Age |
| 16:19 | Construir | Stone Wall |
| 16:22 | Construir | Stone Wall |
| 16:56 | Construir | Lumber Camp |
| 17:47 | Investigar | Stone Mining |
| 18:22 | Construir | Monastery |
| 18:26 | Investigar | Bow Saw |
| 18:29 | Investigar | Heavy Plow |
| 18:45 | Construir | Stone Wall |
| 18:48 | Crear | Monk |
| 18:59 | Construir | Town Center |
| 19:02 | Crear | Villager (Male) |
| 19:13 | Construir | Town Center |
| 19:30 | Construir | Town Center |
| 19:33 | Crear | Villager (Male) |
| 19:36 | Construir | Farm |
| 19:51 | Crear | Villager (Male) |
| 20:11 | Crear | Villager (Male) |
| 20:13 | Construir | Farm |
| 20:17 | Construir | Farm |
| 20:25 | Construir | Stone Wall |
| 20:38 | Construir | House |
| 20:39 | Construir | House |
| 20:42 | Crear | Villager (Male) |
| 20:49 | Construir | Farm |
| 20:49 | Construir | Farm |
| 20:49 | Construir | Farm |
| 20:50 | Construir | Farm |
| 20:50 | Construir | Farm |
| 20:50 | Construir | Farm |
| 20:57 | Crear | Villager (Male) |
| 20:59 | Construir | Farm |
| 21:02 | Construir | Farm |
| 21:03 | Construir | Farm |
| 21:05 | Crear | Villager (Male) |
| 21:14 | Construir | Farm |
| 21:15 | Crear | Villager (Male) |
| 21:22 | Crear | Villager (Male) |
| 21:40 | Construir | Farm |
| 21:46 | Construir | Farm |
| 21:46 | Crear | Villager (Male) |
| 21:49 | Construir | Farm |
| 21:51 | Crear | Villager (Male) |
| 22:01 | Construir | Farm |
| 22:02 | Crear | Villager (Male) |
| 22:09 | Crear | Villager (Male) |
| 22:12 | Crear | Villager (Male) |
| 22:15 | Construir | Farm |
| 22:16 | Construir | Farm |
| 22:16 | Crear | Villager (Male) |
| 22:25 | Construir | Farm |
| 22:30 | Crear | Villager (Male) |
| 22:32 | Crear | Villager (Male) |
| 22:37 | Construir | Town Center |
| 22:40 | Crear | Villager (Male) |
| 22:43 | Construir | Farm |
| 22:45 | Crear | Villager (Male) |
| 23:02 | Crear | Villager (Male) |
| 23:04 | Construir | Farm |
| 23:09 | Crear | Villager (Male) |
| 23:16 | Investigar | Wheelbarrow |
| 23:20 | Construir | Farm |
| 23:24 | Crear | Villager (Male) |
| 23:31 | Construir | University |
| 23:33 | Crear | Villager (Male) |
| 23:35 | Crear | Villager (Male) |
| 23:49 | Construir | Mining Camp |
| 23:52 | Crear | Villager (Male) |
| 23:54 | Crear | Villager (Male) |
| 23:54 | Crear | Villager (Male) |
| 23:59 | Construir | Farm |
| 24:00 | Crear | Villager (Male) |
| 24:03 | Crear | Villager (Male) |
| 24:07 | Crear | Villager (Male) |
Build order — 782813070
Primeras 150 de 557 acciones detectadas
| 0:03 | Crear | Villager (Male) |
| 0:03 | Crear | Villager (Male) |
| 0:04 | Crear | Villager (Male) |
| 0:06 | Construir | House |
| 0:08 | Construir | House |
| 0:15 | Crear | Villager (Male) |
| 0:15 | Crear | Villager (Male) |
| 0:16 | Crear | Villager (Male) |
| 1:32 | Crear | Villager (Male) |
| 1:32 | Crear | Villager (Male) |
| 1:58 | Crear | Villager (Male) |
| 1:58 | Crear | Villager (Male) |
| 1:59 | Crear | Villager (Male) |
| 2:16 | Crear | Villager (Male) |
| 2:16 | Crear | Villager (Male) |
| 2:16 | Crear | Villager (Male) |
| 2:42 | Crear | Villager (Male) |
| 2:43 | Crear | Villager (Male) |
| 3:05 | Crear | Villager (Male) |
| 3:05 | Crear | Villager (Male) |
| 3:06 | Crear | Villager (Male) |
| 3:24 | Investigar | Loom |
| 3:35 | Construir | House |
| 3:37 | Construir | House |
| 3:39 | Construir | House |
| 3:44 | Crear | Villager (Male) |
| 3:45 | Crear | Villager (Male) |
| 3:45 | Crear | Villager (Male) |
| 3:45 | Crear | Villager (Male) |
| 3:51 | Construir | Lumber Camp |
| 3:58 | Crear | Villager (Male) |
| 3:59 | Crear | Villager (Male) |
| 4:35 | Crear | Villager (Male) |
| 5:01 | Construir | Palisade Wall |
| 5:07 | Crear | Villager (Male) |
| 5:08 | Crear | Villager (Male) |
| 5:08 | Crear | Villager (Male) |
| 5:08 | Crear | Villager (Male) |
| 5:31 | Crear | Villager (Male) |
| 5:32 | Crear | Villager (Male) |
| 5:32 | Crear | Villager (Male) |
| 5:32 | Crear | Villager (Male) |
| 5:57 | Crear | Villager (Male) |
| 6:10 | Crear | Villager (Male) |
| 6:10 | Crear | Villager (Male) |
| 6:10 | Crear | Villager (Male) |
| 6:27 | Construir | Mill |
| 7:14 | Crear | Villager (Male) |
| 7:14 | Crear | Villager (Male) |
| 7:14 | Crear | Villager (Male) |
| 7:36 | Construir | Palisade Wall |
| 7:41 | Crear | Villager (Male) |
| 8:12 | Crear | Villager (Male) |
| 8:12 | Crear | Villager (Male) |
| 8:13 | Crear | Villager (Male) |
| 8:31 | Construir | Palisade Wall |
| 8:41 | Crear | Villager (Male) |
| 8:50 | Crear | Villager (Male) |
| 8:50 | Crear | Villager (Male) |
| 8:50 | Crear | Villager (Male) |
| 10:23 | Construir | Palisade Wall |
| 11:08 | Construir | Palisade Wall |
| 11:13 | Investigar | Feudal Age |
| 11:19 | Construir | Mining Camp |
| 11:42 | Construir | Palisade Wall |
| 12:02 | Crear | Villager (Male) |
| 12:02 | Crear | Villager (Male) |
| 12:03 | Crear | Villager (Male) |
| 12:03 | Crear | Villager (Male) |
| 12:21 | Construir | Lumber Camp |
| 12:39 | Construir | Palisade Wall |
| 12:47 | Construir | Farm |
| 12:53 | Construir | Farm |
| 12:54 | Construir | Farm |
| 12:55 | Construir | Farm |
| 12:56 | Construir | Farm |
| 13:08 | Construir | House |
| 13:08 | Edad | Edad Feudal |
| 13:15 | Investigar | Wheelbarrow |
| 13:16 | Crear | Villager (Male) |
| 13:16 | Crear | Villager (Male) |
| 13:18 | Investigar | Double-Bit Axe |
| 13:19 | Investigar | Horse Collar |
| 13:28 | Construir | Stone Wall |
| 13:34 | Construir | House |
| 13:38 | Construir | Farm |
| 13:39 | Construir | Farm |
| 13:40 | Construir | Farm |
| 13:45 | Construir | Farm |
| 13:46 | Construir | Farm |
| 13:48 | Construir | Farm |
| 13:49 | Construir | Farm |
| 13:51 | Construir | Farm |
| 13:52 | Construir | Farm |
| 13:53 | Construir | Farm |
| 14:10 | Crear | Villager (Male) |
| 14:20 | Construir | Market |
| 14:34 | Construir | Stone Wall |
| 14:56 | Crear | Villager (Male) |
| 15:04 | Construir | Blacksmith |
| 15:17 | Construir | Stone Wall |
| 15:40 | Construir | Dock |
| 15:50 | Construir | Stone Wall |
| 15:54 | Crear | Villager (Male) |
| 16:07 | Construir | House |
| 16:08 | Construir | House |
| 16:09 | Construir | House |
| 16:34 | Investigar | Castle Age |
| 16:43 | Construir | Stone Wall |
| 16:53 | Crear | Villager (Male) |
| 16:53 | Crear | Villager (Male) |
| 16:57 | Crear | Fishing Ship |
| 16:58 | Crear | Fishing Ship |
| 16:58 | Crear | Fishing Ship |
| 17:02 | Crear | Fishing Ship |
| 17:40 | Construir | Stone Wall |
| 18:43 | Construir | House |
| 18:46 | Construir | House |
| 18:55 | Edad | Edad de los Castillos |
| 19:01 | Construir | Town Center |
| 19:07 | Investigar | Bow Saw |
| 19:14 | Construir | Town Center |
| 19:19 | Investigar | Heavy Plow |
| 19:26 | Construir | House |
| 19:27 | Construir | House |
| 19:28 | Construir | House |
| 19:32 | Crear | Villager (Male) |
| 19:51 | Crear | Villager (Male) |
| 20:02 | Investigar | Tech 906 |
| 20:04 | Crear | Fishing Ship |
| 20:17 | Construir | House |
| 20:19 | Construir | House |
| 20:26 | Crear | Villager (Male) |
| 20:27 | Crear | Villager (Male) |
| 20:27 | Crear | Villager (Male) |
| 20:36 | Crear | Villager (Male) |
| 20:39 | Crear | Villager (Male) |
| 20:39 | Crear | Villager (Male) |
| 20:40 | Crear | Villager (Male) |
| 20:57 | Construir | Siege Workshop |
| 21:04 | Investigar | Hand Cart |
| 21:05 | Crear | Villager (Male) |
| 21:06 | Crear | Villager (Male) |
| 21:06 | Crear | Villager (Male) |
| 21:06 | Crear | Villager (Male) |
| 21:07 | Crear | Villager (Male) |
| 21:07 | Crear | Villager (Male) |
| 21:15 | Construir | Farm |
| 21:16 | Construir | Farm |
| 21:17 | Construir | Farm |
Build order —
Primeras 150 de 2443 acciones detectadas
| 0:00 | Construir | House |
| 0:02 | Construir | House |
| 1:41 | Construir | Lumber Camp |
| 2:40 | Investigar | Tech None |
| 4:04 | Construir | Mill |
| 4:05 | Construir | Mill |
| 4:05 | Construir | Mill |
| 4:05 | Construir | Mill |
| 4:06 | Construir | Mill |
| 4:06 | Construir | Mill |
| 4:07 | Construir | Mill |
| 4:07 | Construir | Mill |
| 4:07 | Construir | Mill |
| 4:08 | Construir | Mill |
| 4:08 | Construir | Mill |
| 4:08 | Construir | Mill |
| 4:09 | Construir | Mill |
| 4:09 | Construir | Mill |
| 4:10 | Construir | Mill |
| 4:10 | Construir | Mill |
| 4:10 | Construir | Mill |
| 4:11 | Construir | Mill |
| 4:11 | Construir | House |
| 4:21 | Construir | Mill |
| 4:21 | Construir | Mill |
| 4:22 | Construir | Mill |
| 4:23 | Construir | Mill |
| 4:23 | Construir | Mill |
| 4:23 | Construir | Mill |
| 4:24 | Construir | Mill |
| 4:24 | Construir | Mill |
| 4:25 | Construir | Mill |
| 4:25 | Construir | Mill |
| 4:26 | Construir | Mill |
| 4:27 | Construir | Mill |
| 4:27 | Construir | Mill |
| 4:28 | Construir | Mill |
| 4:28 | Construir | Mill |
| 4:29 | Construir | Mill |
| 4:29 | Construir | Mill |
| 4:30 | Construir | Mill |
| 4:31 | Construir | Mill |
| 4:31 | Construir | Mill |
| 4:31 | Construir | Mill |
| 4:32 | Construir | Mill |
| 4:32 | Construir | Mill |
| 4:32 | Construir | Mill |
| 4:33 | Construir | Mill |
| 4:33 | Construir | Mill |
| 4:33 | Construir | Mill |
| 4:34 | Construir | Mill |
| 4:34 | Construir | Mill |
| 4:34 | Construir | Mill |
| 4:35 | Construir | Mill |
| 4:35 | Construir | Mill |
| 4:35 | Construir | Mill |
| 4:36 | Construir | Mill |
| 4:36 | Construir | Mill |
| 4:37 | Construir | Mill |
| 4:37 | Construir | Mill |
| 4:37 | Construir | Mill |
| 4:38 | Construir | Mill |
| 4:38 | Construir | Mill |
| 4:38 | Construir | Mill |
| 4:39 | Construir | Mill |
| 4:39 | Construir | Mill |
| 4:39 | Construir | Mill |
| 4:40 | Construir | Mill |
| 4:40 | Construir | Mill |
| 4:40 | Construir | Mill |
| 4:41 | Construir | Mill |
| 4:41 | Construir | Mill |
| 4:42 | Construir | Mill |
| 4:42 | Construir | Mill |
| 4:42 | Construir | Mill |
| 4:43 | Construir | Mill |
| 4:43 | Construir | Mill |
| 4:44 | Construir | Mill |
| 4:44 | Construir | Mill |
| 4:45 | Construir | Mill |
| 4:45 | Construir | Mill |
| 4:46 | Construir | Mill |
| 4:46 | Construir | Mill |
| 4:46 | Construir | Mill |
| 4:47 | Construir | Mill |
| 4:47 | Construir | Mill |
| 4:47 | Construir | Mill |
| 4:48 | Construir | Mill |
| 4:48 | Construir | Mill |
| 4:49 | Construir | Mill |
| 4:49 | Construir | Mill |
| 4:50 | Construir | Mill |
| 4:50 | Construir | Mill |
| 4:50 | Construir | Mill |
| 4:51 | Construir | Mill |
| 4:51 | Construir | Mill |
| 4:51 | Construir | Mill |
| 4:52 | Construir | Mill |
| 4:52 | Construir | Mill |
| 4:53 | Construir | Mill |
| 4:53 | Construir | Mill |
| 4:54 | Construir | Mill |
| 4:55 | Construir | Mill |
| 4:55 | Construir | Mill |
| 4:56 | Construir | Mill |
| 4:56 | Construir | Mill |
| 4:57 | Construir | Mill |
| 4:57 | Construir | Mill |
| 4:58 | Construir | Mill |
| 4:58 | Construir | Mill |
| 4:58 | Construir | Mill |
| 4:59 | Construir | Mill |
| 4:59 | Construir | Mill |
| 4:59 | Construir | Mill |
| 5:00 | Construir | Mill |
| 5:00 | Construir | Mill |
| 5:00 | Construir | Mill |
| 5:01 | Construir | Mill |
| 5:01 | Construir | Mill |
| 5:01 | Construir | Mill |
| 5:02 | Construir | Mill |
| 5:02 | Construir | Mill |
| 5:03 | Construir | Mill |
| 5:03 | Construir | Mill |
| 5:03 | Construir | Mill |
| 5:04 | Construir | Mill |
| 5:04 | Construir | Mill |
| 5:04 | Construir | Mill |
| 5:05 | Construir | Mill |
| 5:05 | Construir | Mill |
| 5:06 | Construir | Mill |
| 5:06 | Construir | Mill |
| 5:07 | Construir | Mill |
| 5:07 | Construir | Mill |
| 5:08 | Construir | Mill |
| 5:08 | Construir | Mill |
| 5:09 | Construir | Mill |
| 5:09 | Construir | Mill |
| 5:09 | Construir | Mill |
| 5:10 | Construir | Mill |
| 5:10 | Construir | Mill |
| 5:10 | Construir | Mill |
| 5:11 | Construir | Mill |
| 5:12 | Construir | Mill |
| 5:12 | Construir | Mill |
| 5:13 | Construir | Mill |
| 5:14 | Construir | Mill |
| 5:14 | Construir | Mill |
| 5:15 | Construir | Mill |
| 5:15 | Construir | Mill |
Build order —
Primeras 150 de 1228 acciones detectadas
| 0:00 | Construir | Building 7341 |
| 0:02 | Construir | House |
| 1:41 | Construir | House |
| 1:41 | Construir | Lumber Camp |
| 2:30 | Investigar | Tech None |
| 2:30 | Investigar | Tech None |
| 2:33 | Investigar | Tech None |
| 2:41 | Investigar | Tech None |
| 2:52 | Investigar | Tech None |
| 3:13 | Construir | House |
| 4:08 | Construir | Mill |
| 4:08 | Construir | Mill |
| 4:09 | Construir | Mill |
| 4:09 | Construir | Mill |
| 4:10 | Construir | Mill |
| 4:10 | Construir | Mill |
| 4:10 | Construir | Mill |
| 4:11 | Construir | Mill |
| 4:11 | Construir | Mill |
| 4:11 | Construir | Mill |
| 4:12 | Construir | Mill |
| 4:12 | Construir | Mill |
| 4:12 | Construir | Mill |
| 4:13 | Construir | Mill |
| 4:13 | Construir | Mill |
| 4:13 | Construir | Mill |
| 4:14 | Construir | Mill |
| 4:14 | Construir | Mill |
| 4:14 | Construir | Mill |
| 4:15 | Construir | Mill |
| 4:15 | Construir | Mill |
| 4:16 | Construir | Mill |
| 4:16 | Construir | Mill |
| 4:16 | Construir | Mill |
| 4:17 | Construir | Mill |
| 4:17 | Construir | Mill |
| 4:18 | Construir | Mill |
| 4:18 | Construir | Mill |
| 4:19 | Construir | Mill |
| 4:19 | Construir | Mill |
| 4:20 | Construir | Mill |
| 4:20 | Construir | Mill |
| 4:20 | Construir | Mill |
| 4:21 | Construir | Mill |
| 4:21 | Construir | Mill |
| 4:22 | Construir | Mill |
| 4:22 | Construir | Mill |
| 4:23 | Construir | Mill |
| 4:23 | Construir | Mill |
| 4:24 | Construir | Mill |
| 4:24 | Construir | Mill |
| 4:25 | Construir | Mill |
| 4:25 | Construir | Mill |
| 4:26 | Construir | Mill |
| 4:27 | Construir | Mill |
| 4:27 | Construir | Mill |
| 4:28 | Construir | Mill |
| 4:28 | Construir | Mill |
| 4:29 | Construir | Mill |
| 4:29 | Construir | Mill |
| 4:30 | Construir | Mill |
| 4:31 | Construir | Mill |
| 4:31 | Construir | Mill |
| 4:31 | Construir | Mill |
| 4:32 | Construir | Mill |
| 4:32 | Construir | Mill |
| 4:32 | Construir | Mill |
| 4:33 | Construir | Mill |
| 4:33 | Construir | Mill |
| 4:33 | Construir | Mill |
| 4:34 | Construir | Mill |
| 4:34 | Construir | Mill |
| 4:34 | Construir | Mill |
| 4:35 | Construir | Mill |
| 5:08 | Construir | House |
| 5:25 | Investigar | Tech None |
| 5:39 | Construir | Lumber Camp |
| 6:11 | Investigar | Tech None |
| 6:43 | Construir | Mining Camp |
| 7:08 | Construir | Mill |
| 7:12 | Construir | House |
| 7:48 | Construir | Barracks |
| 8:11 | Investigar | Tech None |
| 8:12 | Investigar | Tech None |
| 8:20 | Construir | Farm |
| 8:35 | Investigar | Tech None |
| 8:35 | Construir | Archery Range |
| 8:36 | Construir | Farm |
| 8:39 | Construir | Farm |
| 8:41 | Investigar | Tech None |
| 8:54 | Construir | Farm |
| 9:05 | Construir | Farm |
| 9:14 | Construir | House |
| 9:35 | Investigar | Tech None |
| 9:36 | Investigar | Tech None |
| 10:04 | Construir | Archery Range |
| 10:05 | Construir | House |
| 10:06 | Construir | House |
| 10:32 | Investigar | Tech None |
| 10:32 | Construir | Lumber Camp |
| 11:21 | Construir | Blacksmith |
| 11:21 | Investigar | Tech None |
| 11:32 | Construir | Farm |
| 12:00 | Investigar | Tech None |
| 12:00 | Construir | Farm |
| 12:16 | Investigar | Tech None |
| 12:23 | Construir | House |
| 12:26 | Construir | House |
| 12:41 | Construir | Farm |
| 12:56 | Construir | Farm |
| 13:12 | Construir | Farm |
| 13:29 | Construir | Farm |
| 13:32 | Investigar | Tech None |
| 13:47 | Construir | Farm |
| 15:12 | Construir | Archery Range |
| 15:13 | Construir | House |
| 15:14 | Construir | House |
| 15:39 | Investigar | Tech None |
| 15:39 | Investigar | Tech None |
| 15:39 | Investigar | Tech None |
| 15:39 | Construir | Siege Workshop |
| 15:39 | Construir | Building 5354 |
| 15:40 | Investigar | Tech None |
| 15:40 | Construir | Town Center |
| 15:54 | Investigar | Tech None |
| 15:59 | Construir | House |
| 16:00 | Construir | Town Center |
| 16:01 | Construir | House |
| 16:11 | Investigar | Tech None |
| 16:52 | Investigar | Tech None |
| 17:05 | Construir | Farm |
| 17:15 | Construir | Mining Camp |
| 17:55 | Construir | Farm |
| 18:35 | Construir | Farm |
| 18:40 | Construir | Archery Range |
| 19:05 | Construir | Siege Workshop |
| 19:29 | Construir | Farm |
| 19:30 | Construir | Farm |
| 19:55 | Construir | Town Center |
| 19:58 | Construir | Farm |
| 20:06 | Construir | Farm |
| 20:10 | Construir | Farm |
| 20:16 | Construir | Farm |
| 20:24 | Construir | House |
| 20:24 | Construir | House |
| 20:31 | Construir | Farm |
| 20:35 | Construir | Farm |
| 20:43 | Construir | Farm |
| 20:55 | Construir | Market |
| 21:00 | Investigar | Tech None |
Build order —
Primeras 150 de 780 acciones detectadas
| 0:00 | Construir | House |
| 0:02 | Construir | House |
| 1:41 | Construir | Lumber Camp |
| 3:46 | Investigar | Tech None |
| 3:46 | Construir | House |
| 4:11 | Construir | Mill |
| 5:28 | Construir | Lumber Camp |
| 6:16 | Construir | House |
| 7:49 | Construir | Mining Camp |
| 8:08 | Construir | Farm |
| 8:08 | Construir | Farm |
| 8:29 | Construir | House |
| 9:09 | Construir | Farm |
| 9:43 | Construir | Farm |
| 9:59 | Investigar | Tech None |
| 10:01 | Construir | House |
| 10:10 | Construir | Farm |
| 10:34 | Construir | Farm |
| 11:32 | Construir | Barracks |
| 12:23 | Construir | Stable |
| 13:04 | Construir | Blacksmith |
| 13:11 | Construir | House |
| 13:43 | Investigar | Tech None |
| 13:57 | Investigar | Tech None |
| 14:05 | Investigar | Tech None |
| 14:11 | Construir | Farm |
| 14:27 | Construir | Farm |
| 14:39 | Construir | Farm |
| 14:51 | Construir | Farm |
| 15:05 | Construir | Farm |
| 15:14 | Construir | Farm |
| 16:18 | Investigar | Tech None |
| 16:18 | Construir | Town Center |
| 16:24 | Construir | Town Center |
| 16:35 | Construir | House |
| 16:46 | Construir | Farm |
| 16:58 | Construir | Farm |
| 17:08 | Investigar | Tech None |
| 17:12 | Construir | Farm |
| 17:15 | Construir | House |
| 17:25 | Construir | Farm |
| 18:10 | Construir | Town Center |
| 18:32 | Investigar | Tech None |
| 18:46 | Investigar | Tech None |
| 18:48 | Construir | House |
| 18:53 | Construir | House |
| 19:19 | Construir | Farm |
| 19:31 | Construir | Stable |
| 19:42 | Construir | Farm |
| 19:57 | Construir | Farm |
| 20:05 | Construir | Farm |
| 20:16 | Construir | Farm |
| 20:22 | Construir | Farm |
| 20:37 | Construir | Farm |
| 20:45 | Construir | Farm |
| 20:53 | Construir | Farm |
| 21:02 | Construir | House |
| 21:09 | Construir | House |
| 21:17 | Construir | Farm |
| 21:23 | Construir | Farm |
| 21:39 | Construir | Farm |
| 21:44 | Construir | Farm |
| 21:48 | Construir | House |
| 22:25 | Construir | Farm |
| 22:31 | Investigar | Tech None |
| 22:34 | Construir | House |
| 22:38 | Construir | House |
| 22:42 | Investigar | Tech None |
| 22:46 | Construir | Farm |
| 22:58 | Construir | Farm |
| 23:08 | Construir | Farm |
| 23:10 | Construir | Mill |
| 23:25 | Construir | Farm |
| 23:45 | Construir | Farm |
| 23:50 | Construir | Mining Camp |
| 23:51 | Construir | Farm |
| 24:03 | Investigar | Tech None |
| 24:15 | Construir | Monastery |
| 24:39 | Construir | Siege Workshop |
| 24:40 | Construir | House |
| 24:41 | Construir | House |
| 24:47 | Construir | Farm |
| 24:54 | Construir | Farm |
| 24:59 | Construir | Farm |
| 25:09 | Construir | House |
| 25:11 | Construir | Farm |
| 25:16 | Construir | Farm |
| 25:27 | Construir | Lumber Camp |
| 25:31 | Construir | Farm |
| 25:39 | Construir | Lumber Camp |
| 25:50 | Construir | Farm |
| 25:54 | Investigar | Tech None |
| 25:55 | Investigar | Tech None |
| 26:05 | Construir | Market |
| 26:27 | Investigar | Tech None |
| 26:28 | Construir | House |
| 26:29 | Construir | House |
| 27:09 | Investigar | Tech None |
| 27:34 | Construir | Town Center |
| 27:34 | Investigar | Tech None |
| 27:42 | Construir | Town Center |
| 27:58 | Construir | Town Center |
| 28:02 | Construir | House |
| 28:03 | Construir | House |
| 28:10 | Construir | Archery Range |
| 28:30 | Construir | House |
| 28:35 | Construir | Castle |
| 28:35 | Construir | House |
| 28:38 | Construir | House |
| 28:45 | Construir | Mining Camp |
| 28:50 | Construir | Market |
| 28:52 | Investigar | Tech None |
| 28:58 | Construir | Barracks |
| 29:05 | Construir | House |
| 29:05 | Investigar | Tech None |
| 29:11 | Construir | House |
| 29:25 | Construir | Barracks |
| 29:30 | Construir | Market |
| 29:39 | Construir | Lumber Camp |
| 29:46 | Construir | Barracks |
| 29:46 | Construir | Market |
| 29:56 | Construir | Castle |
| 30:03 | Investigar | Tech None |
| 30:05 | Construir | Barracks |
| 30:16 | Construir | Market |
| 30:23 | Construir | Farm |
| 30:25 | Construir | Farm |
| 30:34 | Construir | Farm |
| 30:36 | Construir | Farm |
| 30:50 | Construir | Farm |
| 30:56 | Construir | Farm |
| 30:57 | Construir | Farm |
| 31:01 | Construir | Farm |
| 31:12 | Construir | Farm |
| 31:15 | Construir | University |
| 31:18 | Construir | Barracks |
| 31:31 | Construir | Farm |
| 31:33 | Investigar | Tech None |
| 31:38 | Construir | Farm |
| 31:46 | Construir | Farm |
| 32:03 | Construir | Farm |
| 32:09 | Construir | Mill |
| 32:10 | Construir | Castle |
| 32:14 | Construir | Farm |
| 32:17 | Construir | Mill |
| 32:18 | Construir | Mill |
| 32:23 | Construir | Farm |
| 32:40 | Construir | Lumber Camp |
| 32:42 | Construir | Farm |
| 32:50 | Construir | Siege Workshop |
Build order —
Primeras 150 de 1422 acciones detectadas
| 0:00 | Construir | House |
| 0:02 | Construir | House |
| 1:15 | Construir | Building 7341 |
| 1:41 | Construir | Lumber Camp |
| 2:41 | Investigar | Tech None |
| 2:41 | Investigar | Tech None |
| 2:43 | Investigar | Tech None |
| 2:52 | Investigar | Tech None |
| 2:52 | Investigar | Tech None |
| 3:13 | Construir | House |
| 4:05 | Construir | Mill |
| 4:05 | Construir | Mill |
| 4:05 | Construir | Mill |
| 4:06 | Construir | Mill |
| 4:06 | Construir | Mill |
| 4:06 | Construir | Mill |
| 4:07 | Construir | Mill |
| 4:07 | Construir | Mill |
| 4:08 | Construir | Mill |
| 4:08 | Construir | Mill |
| 4:08 | Construir | Mill |
| 4:09 | Construir | Mill |
| 4:09 | Construir | Mill |
| 4:09 | Construir | Mill |
| 4:10 | Construir | Mill |
| 4:10 | Construir | Mill |
| 4:11 | Construir | Mill |
| 4:11 | Construir | Mill |
| 4:11 | Construir | Mill |
| 4:12 | Construir | Mill |
| 4:12 | Construir | Mill |
| 4:12 | Construir | Mill |
| 4:13 | Construir | Mill |
| 4:13 | Construir | Mill |
| 4:13 | Construir | Mill |
| 4:14 | Construir | Mill |
| 4:14 | Construir | Mill |
| 4:14 | Construir | Mill |
| 4:15 | Construir | Mill |
| 4:15 | Construir | Mill |
| 4:16 | Construir | Mill |
| 4:16 | Construir | Mill |
| 4:16 | Construir | Mill |
| 4:17 | Construir | Mill |
| 4:17 | Construir | Mill |
| 4:17 | Construir | Mill |
| 4:18 | Construir | Mill |
| 4:19 | Construir | Mill |
| 5:08 | Construir | House |
| 5:10 | Investigar | Tech None |
| 5:22 | Construir | Lumber Camp |
| 5:46 | Construir | Mill |
| 6:29 | Construir | Farm |
| 6:31 | Investigar | Tech None |
| 6:32 | Construir | House |
| 7:12 | Construir | Mining Camp |
| 8:12 | Construir | Barracks |
| 8:41 | Investigar | Tech None |
| 9:02 | Investigar | Tech None |
| 9:02 | Construir | Stable |
| 9:41 | Construir | House |
| 9:52 | Construir | Blacksmith |
| 9:56 | Investigar | Tech None |
| 9:56 | Construir | House |
| 9:56 | Investigar | Tech None |
| 10:01 | Investigar | Tech None |
| 10:26 | Investigar | Tech None |
| 10:39 | Construir | Farm |
| 10:56 | Construir | Farm |
| 11:17 | Construir | Farm |
| 11:35 | Construir | Farm |
| 11:53 | Construir | Farm |
| 12:03 | Investigar | Tech None |
| 12:03 | Investigar | Tech None |
| 12:03 | Construir | Building 5354 |
| 12:14 | Construir | Farm |
| 12:24 | Investigar | Tech None |
| 12:24 | Investigar | Tech None |
| 12:35 | Construir | House |
| 13:32 | Investigar | Tech None |
| 13:32 | Construir | Town Center |
| 13:33 | Construir | Siege Workshop |
| 14:08 | Investigar | Tech None |
| 14:08 | Construir | Town Center |
| 14:09 | Construir | Siege Workshop |
| 14:37 | Construir | Town Center |
| 15:02 | Construir | Farm |
| 15:16 | Construir | Farm |
| 15:31 | Construir | Farm |
| 15:43 | Construir | Farm |
| 15:50 | Construir | Farm |
| 16:05 | Construir | Farm |
| 16:20 | Construir | Farm |
| 16:26 | Construir | Farm |
| 16:35 | Construir | Farm |
| 16:43 | Construir | Farm |
| 16:56 | Construir | Farm |
| 17:05 | Construir | Farm |
| 17:20 | Construir | Farm |
| 17:28 | Construir | Mining Camp |
| 18:01 | Investigar | Tech None |
| 18:09 | Construir | Lumber Camp |
| 18:09 | Construir | House |
| 18:10 | Construir | House |
| 18:17 | Construir | Farm |
| 18:27 | Construir | Farm |
| 18:32 | Construir | Farm |
| 18:50 | Construir | Farm |
| 19:04 | Construir | Farm |
| 19:18 | Construir | Town Center |
| 19:30 | Construir | Town Center |
| 19:39 | Construir | Town Center |
| 19:43 | Construir | Farm |
| 19:47 | Construir | House |
| 19:48 | Construir | House |
| 19:53 | Construir | Farm |
| 20:00 | Investigar | Tech None |
| 20:00 | Construir | Farm |
| 20:11 | Construir | Farm |
| 20:12 | Construir | House |
| 20:23 | Construir | Farm |
| 20:28 | Construir | House |
| 20:31 | Construir | Monastery |
| 20:33 | Construir | Mining Camp |
| 20:46 | Construir | Farm |
| 20:50 | Construir | Farm |
| 21:04 | Construir | Market |
| 21:11 | Construir | Farm |
| 21:26 | Construir | Stable |
| 21:27 | Construir | Farm |
| 21:39 | Construir | Stable |
| 21:42 | Construir | Farm |
| 21:50 | Investigar | Tech None |
| 22:07 | Investigar | Tech None |
| 22:08 | Construir | Town Center |
| 22:10 | Construir | Farm |
| 22:14 | Construir | Farm |
| 22:17 | Construir | Farm |
| 22:23 | Construir | House |
| 22:24 | Construir | House |
| 22:36 | Construir | Farm |
| 22:46 | Construir | Farm |
| 22:51 | Construir | Lumber Camp |
| 22:52 | Construir | Farm |
| 23:05 | Construir | Farm |
| 23:17 | Construir | Farm |
| 23:26 | Investigar | Tech None |
| 23:27 | Investigar | Tech None |
| 23:27 | Investigar | Tech None |
| 23:27 | Investigar | Tech None |
Cronología de la partida
| 1:56 | Glory · wall_segment Palisade Wall x10 |
| 3:04 | CardSlinky67404 · wall_segment Palisade Wall x3 |
| 3:07 | CardSlinky67404 · wall_segment Palisade Wall x6 |
| 3:09 | CardSlinky67404 · wall_segment Palisade Wall x5 |
| 3:56 | Glory · wall_segment Palisade Wall x8 |
| 4:05 | Glory · wall_segment Palisade Wall x10 |
| 5:01 | 782813070 · wall_segment Palisade Wall x14 |
| 5:08 | Glory · wall_segment Palisade Wall x10 |
| 5:17 | pisaschitt_2002 · wall_segment Palisade Wall x12 |
| 5:35 | pisaschitt_2002 · wall_segment Palisade Wall x12 |
| 5:42 | pisaschitt_2002 · wall_segment Palisade Wall x11 |
| 6:12 | Glory · wall_segment Palisade Wall x10 |
| 6:19 | Glory · wall_segment Palisade Wall x11 |
| 6:27 | pisaschitt_2002 · wall_segment Palisade Wall x12 |
| 6:50 | CardSlinky67404 · wall_segment Palisade Wall x3 |
| 6:52 | CardSlinky67404 · wall_segment Palisade Wall x6 |
| 6:56 | pisaschitt_2002 · wall_segment Palisade Wall x8 |
| 7:00 | pisaschitt_2002 · wall_segment Palisade Wall x4 |
| 7:27 | Glory · wall_segment Palisade Wall x9 |
| 7:32 | pisaschitt_2002 · wall_segment Palisade Wall x10 |
| 7:36 | 782813070 · wall_segment Palisade Wall x11 |
| 7:48 | · first_building Barracks |
| 8:12 | · first_building Barracks |
| 8:31 | 782813070 · wall_segment Palisade Wall x1 |
| 8:35 | · first_building Archery Range |
| 8:39 | CardSlinky67404 · wall_segment Palisade Wall x5 |
| 9:02 | · first_building Stable |
| 9:08 | pisaschitt_2002 · wall_segment Palisade Wall x10 |
| 9:30 | CardSlinky67404 · wall_segment Palisade Wall x8 |
| 9:32 | CardSlinky67404 · wall_segment Palisade Wall x8 |
| 9:33 | pisaschitt_2002 · wall_segment Palisade Wall x14 |
| 10:09 | pisaschitt_2002 · wall_segment Palisade Wall x9 |
| 10:16 | · first_building Barracks |
| 10:23 | 782813070 · wall_segment Palisade Wall x12 |
| 10:33 | Glory · wall_segment Palisade Wall x12 |
| 10:46 | pisaschitt_2002 · wall_segment Palisade Wall x10 |
| 11:08 | 782813070 · wall_segment Palisade Wall x1 |
| 11:19 | Glory · wall_segment Palisade Wall x8 |
| 11:21 | · first_building Archery Range |
| 11:22 | Glory · age_up feudal |
| 11:32 | · first_building Barracks |
| 11:42 | 782813070 · wall_segment Palisade Wall x11 |
| 12:11 | Glory · wall_segment Stone Wall x8 |
| 12:19 | CardSlinky67404 · wall_segment Palisade Wall x6 |
| 12:23 | · first_building Stable |
| 12:24 | Glory · wall_segment Stone Wall x15 |
| 12:39 | 782813070 · wall_segment Palisade Wall x11 |
| 12:55 | pisaschitt_2002 · age_up feudal |
| 13:08 | pisaschitt_2002 · wall_segment Stone Wall x8 |
| 13:08 | 782813070 · age_up feudal |
| 13:26 | pisaschitt_2002 · wall_segment Stone Wall x11 |
| 13:28 | 782813070 · wall_segment Stone Wall x12 |
| 13:33 | CardSlinky67404 · wall_segment Stone Wall x6 |
| 13:33 | · first_building Siege Workshop |
| 13:35 | CardSlinky67404 · wall_segment Stone Wall x9 |
| 13:42 | Glory · wall_segment Stone Wall x9 |
| 13:48 | pisaschitt_2002 · first_market_sell 100 wood |
| 13:59 | pisaschitt_2002 · wall_segment Stone Wall x7 |
| 14:34 | 782813070 · wall_segment Stone Wall x11 |
| 14:37 | Glory · wall_segment Stone Wall x11 |
| 14:37 | pisaschitt_2002 · wall_segment Stone Wall x13 |
| 14:41 | pisaschitt_2002 · wall_segment Stone Wall x7 |
| 14:44 | pisaschitt_2002 · wall_segment Stone Wall x1 |
| 14:53 | Glory · wall_segment Stone Wall x8 |
| 15:17 | 782813070 · wall_segment Stone Wall x1 |
| 15:29 | pisaschitt_2002 · wall_segment Stone Wall x8 |
| 15:39 | · first_building Siege Workshop |
| 15:40 | 782813070 · first_building Dock |
| 15:50 | 782813070 · wall_segment Stone Wall x11 |
| 15:53 | Glory · age_up castle |
| 16:11 | Glory · wall_segment Stone Wall x9 |
| 16:14 | pisaschitt_2002 · age_up castle |
| 16:19 | CardSlinky67404 · wall_segment Stone Wall x3 |
| 16:22 | CardSlinky67404 · wall_segment Stone Wall x9 |
| 16:27 | 782813070 · first_market_sell 100 wood |
| 16:28 | 782813070 · first_market_buy 100 food |
| 16:29 | pisaschitt_2002 · wall_segment Stone Wall x6 |
| 16:41 | Glory · wall_segment Stone Wall x13 |
| 16:43 | 782813070 · wall_segment Stone Wall x10 |
| 17:17 | Glory · first_building Monastery |
| 17:22 | Glory · wall_segment Stone Wall x9 |
| 17:27 | pisaschitt_2002 · wall_segment Stone Wall x7 |
| 17:39 | Glory · first_market_buy 100 food |
| 17:40 | 782813070 · wall_segment Stone Wall x12 |
| 18:22 | CardSlinky67404 · first_building Monastery |
| 18:27 | pisaschitt_2002 · wall_segment Stone Wall x12 |
| 18:31 | Glory · wall_segment Stone Wall x6 |
| 18:45 | CardSlinky67404 · wall_segment Stone Wall x10 |
| 18:55 | 782813070 · age_up castle |
| 18:57 | pisaschitt_2002 · wall_segment Stone Wall x9 |
| 19:02 | Glory · wall_segment Stone Wall x12 |
| 19:04 | pisaschitt_2002 · wall_segment Stone Wall x10 |
| 19:40 | Glory · wall_segment Stone Wall x5 |
| 19:48 | pisaschitt_2002 · wall_segment Stone Wall x4 |
| 19:50 | pisaschitt_2002 · wall_segment Stone Wall x6 |
| 19:51 | pisaschitt_2002 · wall_segment Stone Wall x3 |
| 19:59 | Glory · wall_segment Stone Wall x11 |
| 19:59 | pisaschitt_2002 · first_market_buy 100 stone |
| 20:03 | pisaschitt_2002 · wall_segment Stone Wall x4 |
| 20:25 | CardSlinky67404 · wall_segment Stone Wall x8 |
| 20:31 | CardSlinky67404 · tribute_sent a jugador 1 |
| 20:31 | CardSlinky67404 · tribute_sent a jugador 2 |
| 20:31 | CardSlinky67404 · tribute_sent a jugador 4 |
| 20:31 | CardSlinky67404 · tribute_sent a jugador 5 |
| 20:31 | CardSlinky67404 · tribute_sent a jugador 6 |
| 20:31 | CardSlinky67404 · tribute_sent a jugador 7 |
| 20:31 | CardSlinky67404 · tribute_sent a jugador 8 |
| 20:31 | · first_building Monastery |
| 20:32 | pisaschitt_2002 · wall_segment Stone Wall x14 |
| 20:57 | 782813070 · first_building Siege Workshop |
| 21:01 | pisaschitt_2002 · wall_segment Stone Wall x1 |
| 21:04 | pisaschitt_2002 · wall_segment Stone Wall x11 |
| 21:12 | Glory · wall_segment Stone Wall x9 |
| 21:43 | pisaschitt_2002 · first_building Monastery |
| 21:47 | · first_building Monastery |
| 21:49 | Glory · wall_segment Stone Wall x18 |
| 21:50 | · first_market_buy 100 stone |
| 21:52 | · first_market_buy 100 stone |
| 21:57 | pisaschitt_2002 · wall_segment Stone Wall x17 |
| 21:57 | Glory · first_building Siege Workshop |
| 22:15 | Glory · wall_segment Stone Wall x5 |
| 22:23 | pisaschitt_2002 · wall_segment Stone Wall x10 |
| 22:28 | pisaschitt_2002 · wall_segment Stone Wall x1 |
| 22:32 | pisaschitt_2002 · wall_segment Stone Wall x5 |
| 22:58 | · first_market_sell 100 food |
| 23:16 | Glory · wall_segment Stone Wall x12 |
| 23:32 | pisaschitt_2002 · wall_segment Stone Wall x17 |
| 23:44 | CardSlinky67404 · tribute_sent a jugador 1 |
| 23:44 | CardSlinky67404 · tribute_sent a jugador 2 |
| 23:44 | CardSlinky67404 · tribute_sent a jugador 4 |
| 23:44 | CardSlinky67404 · tribute_sent a jugador 5 |
| 23:44 | CardSlinky67404 · tribute_sent a jugador 6 |
| 23:44 | CardSlinky67404 · tribute_sent a jugador 7 |
| 23:44 | CardSlinky67404 · tribute_sent a jugador 8 |
| 23:44 | pisaschitt_2002 · wall_segment Stone Wall x1 |
| 23:45 | pisaschitt_2002 · wall_segment Stone Wall x1 |
| 23:47 | pisaschitt_2002 · wall_segment Stone Wall x1 |
| 23:49 | pisaschitt_2002 · wall_segment Stone Wall x1 |
| 23:57 | · first_building Monastery |
| 24:09 | · first_building Archery Range |
| 24:15 | · first_building Monastery |
| 24:18 | pisaschitt_2002 · wall_segment Stone Wall x9 |
| 24:39 | · first_market_sell 100 wood |
| 24:39 | · first_building Siege Workshop |
| 24:44 | Glory · wall_segment Stone Wall x18 |
| 24:55 | pisaschitt_2002 · wall_segment Stone Wall x1 |
| 24:59 | · first_building Castle |
| 25:06 | 782813070 · tribute_sent a jugador 1 |
| 25:06 | 782813070 · tribute_sent a jugador 2 |
| 25:06 | 782813070 · tribute_sent a jugador 3 |
| 25:06 | 782813070 · tribute_sent a jugador 5 |
| 25:06 | 782813070 · tribute_sent a jugador 6 |
| 25:06 | 782813070 · tribute_sent a jugador 7 |
| 25:06 | 782813070 · tribute_sent a jugador 8 |
| 25:40 | Glory · wall_segment Stone Wall x7 |
| 25:53 | pisaschitt_2002 · wall_segment Stone Wall x14 |
| 26:03 | CardSlinky67404 · wall_segment Stone Wall x13 |
| 26:19 | · first_building Stable |
| 26:35 | pisaschitt_2002 · wall_segment Stone Wall x9 |
| 26:55 | · first_building Castle |
| 27:00 | Glory · wall_segment Stone Wall x1 |
| 27:05 | Glory · wall_segment Stone Wall x1 |
| 27:19 | Glory · wall_segment Stone Wall x5 |
| 27:21 | Glory · wall_segment Stone Wall x1 |
| 27:26 | pisaschitt_2002 · wall_segment Stone Wall x1 |
| 27:32 | pisaschitt_2002 · wall_segment Stone Wall x1 |
| 27:46 | pisaschitt_2002 · wall_segment Stone Wall x13 |
| 28:10 | · first_building Archery Range |
| 28:17 | CardSlinky67404 · wall_segment Stone Wall x13 |
| 28:21 | Glory · wall_segment Stone Wall x8 |
| 28:27 | Glory · first_market_sell 100 food |
| 28:34 | · first_market_buy 100 stone |
| 28:35 | · first_building Castle |
| 28:52 | pisaschitt_2002 · wall_segment Stone Wall x14 |
| 29:00 | Glory · wall_segment Stone Wall x19 |
| 29:21 | Glory · wall_segment Stone Wall x1 |
| 29:44 | pisaschitt_2002 · wall_segment Stone Wall x19 |
| 30:16 | 782813070 · first_building Monastery |
| 30:18 | Glory · wall_segment Stone Wall x15 |
| 30:23 | Glory · wall_segment Stone Wall x6 |
| 30:24 | Glory · wall_segment Stone Wall x11 |
| 30:25 | · first_building Stable |
| 30:26 | CardSlinky67404 · wall_segment Stone Wall x14 |
| 30:40 | pisaschitt_2002 · wall_segment Stone Wall x2 |
| 31:04 | pisaschitt_2002 · wall_segment Stone Wall x24 |
| 31:26 | Glory · age_up imperial |
| 31:56 | pisaschitt_2002 · wall_segment Stone Wall x1 |
| 32:26 | pisaschitt_2002 · wall_segment Stone Wall x6 |
| 32:40 | · first_building Siege Workshop |
| 32:58 | pisaschitt_2002 · wall_segment Stone Wall x14 |
| 33:07 | 782813070 · age_up imperial |
| 33:09 | pisaschitt_2002 · wall_segment Stone Wall x10 |
| 33:09 | 782813070 · first_building Castle |
| 33:18 | Glory · wall_segment Stone Wall x17 |
| 33:23 | Glory · wall_segment Stone Wall x11 |
| 33:33 | CardSlinky67404 · first_building Castle |
| 33:49 | CardSlinky67404 · first_market_sell 100 food |
| 33:53 | pisaschitt_2002 · wall_segment Stone Wall x7 |
| 33:53 | · first_building Castle |
| 34:20 | pisaschitt_2002 · age_up imperial |
| 34:39 | 782813070 · wall_segment Stone Wall x16 |
| 35:04 | pisaschitt_2002 · wall_segment Stone Wall x17 |
| 35:04 | 782813070 · wall_segment Stone Wall x12 |
| 35:13 | Glory · wall_segment Stone Wall x16 |
| 35:21 | Glory · wall_segment Stone Wall x6 |
| 35:24 | pisaschitt_2002 · wall_segment Stone Wall x1 |
| 35:25 | pisaschitt_2002 · wall_segment Stone Wall x1 |
| 35:34 | pisaschitt_2002 · wall_segment Stone Wall x17 |
| 35:58 | 782813070 · wall_segment Stone Wall x11 |
| 36:04 | Glory · first_building Castle |
| 36:11 | pisaschitt_2002 · wall_segment Stone Wall x16 |
| 36:17 | pisaschitt_2002 · wall_segment Stone Wall x11 |
| 36:28 | Glory · wall_segment Stone Wall x1 |
| 36:36 | CardSlinky67404 · first_building Barracks |
| 36:47 | Glory · wall_segment Stone Wall x4 |
| 36:48 | pisaschitt_2002 · wall_segment Stone Wall x1 |
| 36:50 | CardSlinky67404 · first_market_buy 100 stone |
| 36:57 | 782813070 · wall_segment Stone Wall x22 |
| 37:07 | pisaschitt_2002 · wall_segment Stone Wall x15 |
| 37:08 | · first_market_sell 100 wood |
| 37:15 | Glory · wall_segment Stone Wall x1 |
| 37:17 | Glory · wall_segment Stone Wall x11 |
| 37:18 | Glory · wall_segment Stone Wall x5 |
| 37:33 | Glory · first_building Barracks |
| 38:10 | pisaschitt_2002 · wall_segment Stone Wall x20 |
| 38:18 | pisaschitt_2002 · wall_segment Stone Wall x8 |
| 38:44 | CardSlinky67404 · first_building Stable |
| 38:47 | · first_market_buy 100 stone |
| 39:08 | CardSlinky67404 · first_building Siege Workshop |
| 39:28 | Glory · wall_segment Stone Wall x10 |
| 39:29 | Glory · wall_segment Stone Wall x8 |
| 39:41 | pisaschitt_2002 · wall_segment Stone Wall x8 |
| 39:43 | pisaschitt_2002 · wall_segment Stone Wall x1 |
| 39:57 | pisaschitt_2002 · wall_segment Stone Wall x21 |
| 40:06 | 782813070 · wall_segment Stone Wall x17 |
| 40:12 | 782813070 · wall_segment Stone Wall x13 |
| 40:24 | Glory · first_building Stable |
| 40:53 | pisaschitt_2002 · wall_segment Stone Wall x17 |
| 40:58 | 782813070 · wall_segment Stone Wall x18 |
| 41:47 | pisaschitt_2002 · wall_segment Stone Wall x1 |
| 41:49 | pisaschitt_2002 · wall_segment Stone Wall x13 |
| 42:18 | pisaschitt_2002 · wall_segment Stone Wall x12 |
| 42:43 | pisaschitt_2002 · wall_segment Stone Wall x12 |
| 43:06 | pisaschitt_2002 · wall_segment Stone Wall x1 |
| 43:34 | pisaschitt_2002 · wall_segment Stone Wall x12 |
| 43:57 | pisaschitt_2002 · wall_segment Stone Wall x24 |
| 44:08 | pisaschitt_2002 · wall_segment Stone Wall x3 |
| 45:04 | CardSlinky67404 · wall_segment Stone Wall x9 |
| 45:11 | pisaschitt_2002 · wall_segment Stone Wall x13 |
| 45:23 | pisaschitt_2002 · wall_segment Stone Wall x11 |
| 45:35 | pisaschitt_2002 · wall_segment Stone Wall x18 |
| 45:58 | pisaschitt_2002 · wall_segment Stone Wall x18 |
| 46:14 | pisaschitt_2002 · wall_segment Stone Wall x11 |
| 46:25 | Glory · wall_segment Stone Wall x5 |
| 46:27 | pisaschitt_2002 · wall_segment Stone Wall x12 |
| 46:38 | pisaschitt_2002 · wall_segment Stone Wall x1 |
| 46:57 | pisaschitt_2002 · wall_segment Stone Wall x3 |
| 47:06 | pisaschitt_2002 · wall_segment Stone Wall x10 |
| 47:14 | pisaschitt_2002 · wall_segment Stone Wall x6 |
| 47:28 | pisaschitt_2002 · wall_segment Stone Wall x20 |
| 47:35 | pisaschitt_2002 · wall_segment Stone Wall x12 |
| 47:36 | pisaschitt_2002 · wall_segment Stone Wall x1 |
| 47:45 | pisaschitt_2002 · first_building Siege Workshop |
| 47:55 | Glory · wall_segment Stone Wall x9 |
| 48:24 | pisaschitt_2002 · wall_segment Stone Wall x22 |
| 48:34 | pisaschitt_2002 · wall_segment Stone Wall x1 |
| 48:40 | 782813070 · first_building Barracks |
| 48:41 | pisaschitt_2002 · wall_segment Stone Wall x8 |
| 48:44 | pisaschitt_2002 · wall_segment Stone Wall x1 |
| 48:59 | pisaschitt_2002 · wall_segment Stone Wall x6 |
| 49:08 | pisaschitt_2002 · wall_segment Stone Wall x3 |
| 49:32 | pisaschitt_2002 · wall_segment Stone Wall x9 |
| 49:39 | pisaschitt_2002 · wall_segment Stone Wall x4 |
| 50:20 | pisaschitt_2002 · wall_segment Stone Wall x15 |
| 51:10 | pisaschitt_2002 · wall_segment Stone Wall x1 |
| 51:16 | pisaschitt_2002 · wall_segment Stone Wall x6 |
| 52:02 | pisaschitt_2002 · wall_segment Stone Wall x11 |
| 52:07 | pisaschitt_2002 · wall_segment Stone Wall x1 |
| 52:43 | pisaschitt_2002 · wall_segment Stone Wall x1 |
| 52:46 | pisaschitt_2002 · wall_segment Stone Wall x1 |
| 52:49 | pisaschitt_2002 · wall_segment Stone Wall x1 |
| 52:52 | pisaschitt_2002 · wall_segment Stone Wall x4 |
| 53:04 | pisaschitt_2002 · wall_segment Stone Wall x16 |
| 53:18 | pisaschitt_2002 · wall_segment Stone Wall x7 |
| 53:27 | pisaschitt_2002 · wall_segment Stone Wall x1 |
| 53:37 | CardSlinky67404 · tribute_sent a jugador 1 |
| 53:37 | CardSlinky67404 · tribute_sent a jugador 2 |
| 53:37 | CardSlinky67404 · tribute_sent a jugador 4 |
| 53:37 | CardSlinky67404 · tribute_sent a jugador 5 |
| 53:37 | CardSlinky67404 · tribute_sent a jugador 6 |
| 53:37 | CardSlinky67404 · tribute_sent a jugador 7 |
| 53:37 | CardSlinky67404 · tribute_sent a jugador 8 |
| 54:52 | pisaschitt_2002 · tribute_sent a jugador 2 |
| 54:52 | pisaschitt_2002 · tribute_sent a jugador 3 |
| 54:52 | pisaschitt_2002 · tribute_sent a jugador 4 |
| 54:52 | pisaschitt_2002 · tribute_sent a jugador 5 |
| 54:52 | pisaschitt_2002 · tribute_sent a jugador 6 |
| 54:52 | pisaschitt_2002 · tribute_sent a jugador 7 |
| 54:52 | pisaschitt_2002 · tribute_sent a jugador 8 |
| 55:13 | pisaschitt_2002 · wall_segment Stone Wall x36 |
| 55:31 | pisaschitt_2002 · first_building Castle |
| 58:28 | pisaschitt_2002 · tribute_sent a jugador 2 |
| 58:28 | pisaschitt_2002 · tribute_sent a jugador 3 |
| 58:28 | pisaschitt_2002 · tribute_sent a jugador 4 |
| 58:28 | pisaschitt_2002 · tribute_sent a jugador 5 |
| 58:28 | pisaschitt_2002 · tribute_sent a jugador 6 |
| 58:28 | pisaschitt_2002 · tribute_sent a jugador 7 |
| 58:28 | pisaschitt_2002 · tribute_sent a jugador 8 |
| 58:33 | pisaschitt_2002 · tribute_sent a jugador 2 |
| 58:33 | pisaschitt_2002 · tribute_sent a jugador 3 |
| 58:33 | pisaschitt_2002 · tribute_sent a jugador 4 |
| 58:33 | pisaschitt_2002 · tribute_sent a jugador 5 |
| 58:33 | pisaschitt_2002 · tribute_sent a jugador 6 |
| 58:33 | pisaschitt_2002 · tribute_sent a jugador 7 |
| 58:33 | pisaschitt_2002 · tribute_sent a jugador 8 |
| 59:59 | CardSlinky67404 · tribute_sent a jugador 1 |
| 59:59 | CardSlinky67404 · tribute_sent a jugador 2 |
| 59:59 | CardSlinky67404 · tribute_sent a jugador 4 |
| 59:59 | CardSlinky67404 · tribute_sent a jugador 5 |
| 59:59 | CardSlinky67404 · tribute_sent a jugador 6 |
| 59:59 | CardSlinky67404 · tribute_sent a jugador 7 |
| 59:59 | CardSlinky67404 · tribute_sent a jugador 8 |
| 64:07 | CardSlinky67404 · tribute_sent a jugador 1 |
| 64:07 | CardSlinky67404 · tribute_sent a jugador 2 |
| 64:07 | CardSlinky67404 · tribute_sent a jugador 4 |
| 64:07 | CardSlinky67404 · tribute_sent a jugador 5 |
| 64:07 | CardSlinky67404 · tribute_sent a jugador 6 |
| 64:07 | CardSlinky67404 · tribute_sent a jugador 7 |
| 64:07 | CardSlinky67404 · tribute_sent a jugador 8 |
| 68:23 | 782813070 · resign |
| 69:38 | Glory · wall_segment Stone Wall x9 |
| 69:51 | Glory · wall_segment Stone Wall x4 |
| 70:19 | pisaschitt_2002 · first_building Barracks |
| 75:07 | pisaschitt_2002 · first_building Archery Range |
[ ANÁLISIS IA · 1 CRÉDITO ]
¿Qué pasó realmente en esta partida?
Wolo.gg analiza cada decisión: build order, eco, micro, errores típicos por bracket. Análisis personalizado por WhatsApp o Discord en 30 segundos.
Guía civ
Wu
Guía mapa
Black Forest
Perfil
Glory